 Dungeon Crawl Stone Soup version 0.18.1-50-g88ac8fd (webtiles) character file.

285 epen the Insei (level 6, 0/49 HPs)
             Began as a Formicid Monk on Oct 5, 2016.
             Killed by divine providence
             ... invoked by an orc priest
              (11 damage)
             ... on level 3 of the Dungeon.
             The game lasted 00:04:07 (4205 turns).

epen the Insei (Formicid Monk)                      Turns: 4205, Time: 00:04:08

Health: 0/49       AC:  9    Str: 15    XL:     6   Next: 55%
Magic:  6/6        EV: 13    Int: 10    God:
Gold:   159        SH:  0    Dex: 15    Spells: 0 memorised, 5 levels left

rFire  . . .     SeeInvis +       - Unarmed
rCold  . . .     Gourm    .     p - +0 ring mail
rNeg   . . .     Faith    .     (no shield)
rPois  .         Spirit   .     (helmet unavailable)
rElec  .         Dismiss  .     t - +2 cloak
rCorr  .         Reflect  .     f - +0 pair of gloves
SustAt .         Harm     .     (no boots)
MR     .....                    (no amulet)
Stlth  +.........               (no ring)
                                (no ring)

@: not resistant to hostile enchantments, very unstealthy
A: permanent stasis, dig shafts and tunnels, four strong arms, antennae 3
a: Dig, Shaft Self


You were on level 3 of the Dungeon.
You were not hungry.

You visited 1 branch of the dungeon, and saw 3 of its levels.

You collected 159 gold pieces.

Inventory:

Armour
 a - a +0 robe
 f - a +0 pair of gloves (worn)
 p - a +0 ring mail (worn)
 t - a +2 cloak (worn)
Scrolls
 c - 2 scrolls of enchant weapon {unknown}
 e - 2 scrolls of fog {unknown}
 h - 4 scrolls of remove curse {unknown}
 i - a scroll of magic mapping {unknown}
 j - 3 scrolls of teleportation {unknown}
 m - a scroll of amnesia {unknown}
 n - 2 scrolls of recharging {unknown}
 o - 3 scrolls of identify {unknown}
 r - a scroll of noise {unknown}
Potions
 d - 2 potions of degeneration {unknown}
 g - 2 potions of haste {unknown}
 l - 3 potions of curing {unknown}
 s - a potion of heal wounds {unknown}
 v - a potion of berserk rage {unknown}
Comestibles
 b - 2 bread rations
 k - a slice of pizza
 q - 2 meat rations


   Skills:
 + Level 4.3 Fighting
 * Level 4.5 Dodging
 - Level 2.4 Stealth
 * Level 5.5 Unarmed Combat


You had 5 spell levels left.
You didn't know any spells.

Dungeon Overview and Level Annotations

Branches:
Dungeon (3/15)

Altars:


Innate Abilities, Weirdness & Mutations

You are under a permanent stasis effect.
You can dig through walls and to a lower floor.
Your four strong arms can wield two-handed weapons with a shield.
You have a pair of large antennae on your head (SInv).


Message History

The orc priest shouts!
An orc comes into view. It is wielding a trident.
The orc shouts!
An orc comes into view. It is wielding a mace.
The orc priest calls down the wrath of Beogh upon you.
Beogh smites you! The orc closely misses you.
The orc shouts!
You hit the orc but do no damage.
The orc priest calls down the wrath of Beogh upon you.
Beogh smites you! The orc hits you but does no damage.
You hit the orc.
The orc is lightly wounded.
The orc closely misses you.
The orc hits you from afar with a trident.
The orc priest invokes the aid of Beogh against you.
Beogh smites you!
* * * LOW HITPOINT WARNING * * *
The orc priest invokes the aid of Beogh against you.
Beogh smites you!
You die...

#......#........####......#
#......#+#..)..........####
#..........................
##.........##..............
#.........##............>.
###.......##..............
####.......................
#.....##+###..o........###.
#.....##..@.oo.o.......###.
#.........###.............#
#....####.# #.............#
#.###.....###..............
#.###.##...###........)....
#.....##.#.###..........#..
#.....##....##..........#..
#........#..##..........#..
#....†#.##..##..........#..


You could see an orc priest and 3 orcs.

Vanquished Creatures
  2 orc wizards (D:3)
  Jessica (D:2)
  3 gnolls (D:3)
  6 adders
  2 oozes (D:3)
  4 worms
  A dart slug (D:3)
  3 giant geckos
  7 orcs (D:3)
  2 ball pythons
  2 giant cockroaches (D:1)
  9 goblins
  10 hobgoblins
  7 jackals (D:1)
  4 quokkas
  9 bats
  3 giant newts
  7 kobolds
  6 rats
88 creatures vanquished.

Notes
Turn   | Place    | Note
--------------------------------------------------------------
     0 | D:1      | epen the Formicid Monk began the quest for the Orb.
     0 | D:1      | Reached XP level 1. HP: 18/18 MP: 1/1
   210 | D:1      | Reached XP level 2. HP: 20/24 MP: 2/2
   880 | D:1      | Reached XP level 3. HP: 25/29 MP: 3/3
  1791 | D:2      | Reached XP level 4. HP: 20/35 MP: 4/4
  2391 | D:2      | Noticed Jessica
  2397 | D:2      | Killed Jessica
  2492 | D:2      | Reached XP level 5. HP: 22/42 MP: 5/5
  3086 | D:3      | Reached skill level 5 in Unarmed Combat
  3615 | D:3      | Reached XP level 6. HP: 30/48 MP: 6/6
  4205 | D:3      | Killed from afar by an orc priest

Skill      XL: |  1  2  3  4  5 |
---------------+----------------+-----
Dodging        | 3 4 |  4.5
Unarmed Combat | 5 |  5.5
Fighting       | 4 |  4.3
Stealth        | |  2.4

Action                   |  1- 3 |  4- 6 || total
-------------------------+-------+-------++-------
Melee: Unarmed           |   144 |   253 ||   397
       Punch             |     2 |     4 ||     6
 Stab: Sleeping          |     2 |     2 ||     4
  Eat: Chunk             |     2 |     9 ||    11
Armor: Robe              |    14 |       ||    14
       Ring mail         |    10 |    88 ||    98
Dodge: Dodged            |   103 |   147 ||   250
